 Dungeon Sprint DCSS version 0.26-a0-1060-g086102a3f0 (webtiles) character file.

Game seed: 2795269542068277541

1607 mhtbhm the Carver (level 8, -4/83 HPs)
             Began as a Palentonga Fighter on Dec 14, 2020.
             Was a Believer of Okawaru.
             Slain by a ten-headed hydra (10 damage)
             ... in the Dungeon (Sprint IX: "|||||||||||||||||||||||||||||").
             The game lasted 00:01:29 (640 turns).

mhtbhm the Carver (Palentonga Fighter)               Turns: 640, Time: 00:01:30

Health: -4/83      AC: 21    Str: 21    XL:     8   Next: 63%
Magic:  8/8        EV:  8    Int:  8    God:    Okawaru [**....]
Gold:   14         SH: 11    Dex: 11    Spells: 7/7 levels left

rFire    . . .     SeeInvis +   a - +2 scimitar (drain)
rCold    . . .     Faith    .   c - +0 kite shield
rNeg     . . .     Spirit   .   b - +1 chain mail
rPois    .         Reflect  .   (no helmet)
rElec    .         Harm     .   (no cloak)
rCorr    .         Rampage  .   n - +0 pair of gloves
Will     .....     NoTele   +   (no barding)
Stlth    ..........             (no amulet)
HPRegen  0.23/turn              p - +2 ring of protection
MPRegen  0.11/turn              o - +2 ring of evasion

@: lethally poisoned (-4 -> -8), very slightly contaminated, invisible, curled
up
A: large, rugged brown scales 3, see invisible, deformed body, roll 1, armoured
tail, reflexive curl
a: Rolling Charge, Heroism, Renounce Religion


You were in the Dungeon.
You worshipped Okawaru.
Okawaru was pleased with you.
You visited 1 branch You collected 14 gold pieces.

Inventory:

Hand Weapons
 a - a +2 scimitar of draining (weapon)
Armour
 b - a +1 chain mail (worn)
 c - a +0 kite shield (worn)
 n - a +0 pair of gloves (worn)
Jewellery
 o - a +2 ring of evasion (right hand)
 p - a +2 ring of protection (left hand)
Wands
 m - a wand of acid (9)
Scrolls
 j - 2 scrolls of blinking
 k - 3 scrolls of remove curse
 l - 2 scrolls of amnesia
 s - 3 scrolls of identify
 t - 4 scrolls of enchant weapon
 u - a scroll of fear
Potions
 d - a potion of might
 e - 5 potions of curing
 f - 5 potions of heal wounds
 g - 3 potions of haste
 h - 4 potions of magic
 q - 2 potions of berserk rage
 r - a potion of brilliance


   Skills:
 + Level 9.6 Fighting
 + Level 11.0 Long Blades
 + Level 8.5 Armour
 + Level 2.5 Dodging
 + Level 0.1 Stealth
 + Level 7.7 Shields


You had 7 spell levels left.
You didn't know any spells.
Your spell library was empty.

Dungeon Overview and Level Annotations

Branches:
Dungeon (1/1)

Altars:
Cheibriados
Dithmenos
Elyvilon
Fedhas
Gozag
Hepliaklqana
Kikubaaqudgha
Makhleb
Nemelex Xobeh
Okawaru
Qazlal
Ru
Sif Muna
Trog
Uskayaw
Vehumet
Wu Jian
Xom
Yredelemnul
Zin
The Shining One
Beogh
Jiyva
Lugonu


Innate Abilities, Weirdness & Mutations

You are completely covered in rugged brown scales. (AC +3, +7% HP)
You have supernaturally acute eyesight. (SInv)
Armour fits poorly on your strangely shaped body.
You can roll at nearby foes to attack.
You have a long armoured tail.
You curl defensively after being hit.


Message History

You chop one of the nine-headed hydra's heads off!
The eight-headed hydra grows two more!
You slash the ten-headed hydra! You drain the ten-headed hydra.
The ten-headed hydra is heavily wounded.
You feel sick.
The ten-headed hydra is no longer covered in acid.
The ten-headed hydra bites you but does no damage.
The ten-headed hydra bites you!
* * * LOW HITPOINT WARNING * * *
The ten-headed hydra bites you!
* * * LOW HITPOINT WARNING * * *
The ten-headed hydra bites you but does no damage.
The ten-headed hydra bites you.
* * * LOW HITPOINT WARNING * * *
The ten-headed hydra completely misses you.
The ten-headed hydra closely misses you.
The ten-headed hydra barely misses you. The ten-headed hydra bites you.
* * * LOW HITPOINT WARNING * * *
The ten-headed hydra bites you!
You die...

▓▓▓▓▓▓▓▓▓▓▓▓▓▓▓▓▓▓▓▓▓▓▓▓▓▓▓▓▓▓▓▓▓
____________________'.....)...†)†
▓▓▓▓▓▓▓▓▓▓▓▓▓▓▓▓▓▓▓▓▓▓▓▓▓▓▓▓▓▓▓▓▓
.................................
▓▓▓▓▓▓▓▓▓▓▓▓▓▓▓▓▓▓▓▓▓▓▓▓▓▓▓▓▓▓▓▓▓
lhFFSSD@.....)......'...
▓▓▓▓▓▓▓▓▓▓▓▓▓▓▓▓▓▓▓▓▓▓▓▓


You could see a ten-headed hydra (drained), a black mamba (corroded), a cane
toad, a basilisk, a water moccasin (corroded), a wolf and a bullfrog.

Vanquished Creatures
  Psyche (D)
  A troll (D)
  2 yaks (D)
  A soldier ant (D)
  2 orc warriors (D)
  2 sky beasts (D)
  An ogre (D)
  An eye of draining (D)
  A bullfrog (D)
  A howler monkey (D)
  A hound (D)
  An iguana (D)
  A shadow imp (D)
  A dart slug (D)
  A leopard gecko (D)
  An orc (D)
  A frilled lizard (D)
  A giant cockroach zombie (D)
  A kobold (D)
  A rat (D)
23 creatures vanquished.

Notes
Turn   | Place    | Note
-------+----------+-------------------------------------------
     0 | D        | mhtbhm the Palentonga Fighter began the quest for the Orb.
     0 | D        | Reached XP level 1. HP: 20/20 MP: 1/1
    49 | D        | Noticed a hound
    49 | D        | Noticed an ogre
    49 | D        | Noticed a sky beast
    52 | D        | Reached XP level 2. HP: 27/27 MP: 2/2
    59 | D        | Killed a sky beast
    60 | D        | Reached skill level 5 in Fighting
    60 | D        | Reached skill level 4 in Long Blades
    60 | D        | Reached XP level 3. HP: 38/38 MP: 3/3
    60 | D        | Reached XP level 4. HP: 44/44 MP: 4/4
    61 | D        | Killed an ogre
    62 | D        | Reached skill level 5 in Long Blades
    62 | D        | Reached skill level 5 in Armour
    62 | D        | Reached skill level 1 in Dodging
    62 | D        | Reached skill level 5 in Shields
    62 | D        | Reached XP level 5. HP: 54/54 MP: 5/5
    82 | D        | Found a roughly hewn altar of Beogh.
    82 | D        | Found a snail-covered altar of Cheibriados.
    82 | D        | Found a shadowy altar of Dithmenos.
    82 | D        | Found a white marble altar of Elyvilon.
    82 | D        | Found a blossoming altar of Fedhas.
    82 | D        | Found an opulent altar of Gozag.
    83 | D        | Found a hazy altar of Hepliaklqana.
    84 | D        | Found a viscous altar of Jiyva.
    85 | D        | Found an ancient bone altar of Kikubaaqudgha.
    86 | D        | Found a corrupted altar of Lugonu.
    87 | D        | Found a burning altar of Makhleb.
    88 | D        | Found a sparkling altar of Nemelex Xobeh.
    89 | D        | Found an iron altar of Okawaru.
    90 | D        | Found a stormy altar of Qazlal.
    91 | D        | Found a sacrificial altar of Ru.
    92 | D        | Found a shimmering blue altar of Sif Muna.
    93 | D        | Found a bloodstained altar of Trog.
    94 | D        | Found a hide-covered altar of Uskayaw.
    95 | D        | Found a radiant altar of Vehumet.
    96 | D        | Found an ornate altar of the Wu Jian Council.
    97 | D        | Found a shimmering altar of Xom.
    99 | D        | Became a worshipper of Warmaster Okawaru
   101 | D        | Found a basalt altar of Yredelemnul.
   102 | D        | Found a glowing silver altar of Zin.
   103 | D        | Found a glowing golden altar of the Shining One.
   150 | D        | Noticed an eye of draining
   150 | D        | Noticed a sky beast
   150 | D        | Noticed a yak
   159 | D        | Reached skill level 6 in Long Blades
   159 | D        | Reached XP level 6. HP: 50/64 MP: 0/6
   161 | D        | Killed a yak
   161 | D        | Reached * piety under Okawaru
   162 | D        | Reached skill level 7 in Long Blades
   162 | D        | Killed a sky beast
   163 | D        | Gained mutation: You curl defensively after being hit.
                  | [Palentonga growth]
   163 | D        | Reached XP level 7. HP: 57/72 MP: 1/7
   168 | D        | Reached skill level 8 in Long Blades
   236 | D        | Noticed a troll
   236 | D        | Noticed a yak
   246 | D        | Reached ** piety under Okawaru
   247 | D        | Reached skill level 9 in Long Blades
   261 | D        | Killed a yak
   262 | D        | Reached XP level 8. HP: 61/83 MP: 8/8
   274 | D        | Killed a troll
   275 | D        | Reached skill level 10 in Long Blades
   528 | D        | Noticed Psyche
   535 | D        | Killed Psyche
   536 | D        | Reached skill level 11 in Long Blades
   630 | D        | Noticed a cane toad
   630 | D        | Noticed a seven-headed hydra
   630 | D        | Noticed a black mamba
   640 | D        | Slain by a ten-headed hydra

Illustrated notes

Levels and vault maps discovered:
D:        linesprint [early_d, line_temple, items_1, d_10, items_2, lair_1,
          lair_end, items_3, orc_1, orc_end, items_4, d_15, swamp_1, shoals_1,
          snake_1, spider_1, d_20, vaults_1, items_5, swamp_end, shoals_end,
          snake_end, spider_end, vaults_end, d_27, items_6, zot_1, zot_end,
          crypt_end, forest_end, elf_end, slime_end, tomb_end, abyss_end,
          pan_hell_end]

Skill      XL: |  1  2  3  4  5  6  7  8 |
---------------+-------------------------+-----
Armour         | 3 4 5 6 7 8 |  8.5
Shields        | 3 4 5 6 7 |  7.7
Fighting       | 5 6 7 8 9 |  9.6
Long Blades    | 4 5 6 7 9 11 | 11.0
Dodging        | 1 2 |  2.5
Stealth        | |  0.1

Action                   |  1- 3 |  4- 6 |  7- 9 || total
-------------------------+-------+-------+-------++-------
Melee: Long sword        |    20 |     8 |       ||    28
       Tailslap          |     2 |     2 |     6 ||    10
       Scimitar          |       |    12 |    53 ||    65
Evoke: Wand              |       |       |     1 ||     1
  Use: Potion            |     1 |       |     1 ||     2
 Stab: Invisible         |       |       |     1 ||     1
Armor: Scale mail        |     6 |       |       ||     6
       Chain mail        |       |     5 |    21 ||    26
Dodge: Dodged            |     2 |     1 |    28 ||    31
Block: Kite shield       |     6 |     6 |    34 ||    46
       Rpst.: Long sword |     1 |       |       ||     1
       Scimitar          |       |       |     4 ||     4

Table legend: (Time is in decaauts)
 A = Elapsed time spent in this place.
 B = Non-inter-level travel time spent in this place.
 C = Inter-level travel time spent in this place.
 D = Time resting spent in this place.
 E = Time spent auto-exploring this place.
 F = Levels seen in this place.
 G = Mean time per level.
                   A        B        C        D        E       F      G
               +--------+--------+--------+--------+--------+-----+--------+
         Total |    650 |    650 |      0 |     89 |    252 |   1 |  650.0 |
       Dungeon |    650 |    650 |      0 |     89 |    252 |   1 |  650.0 |
               +--------+--------+--------+--------+--------+-----+--------+

Top non-repeatable levels by time:
       D: 650 daAuts
